 Dungeon Crawl Stone Soup version 0.18-a0-1354-gbc5753f (webtiles) character file.

535 hellophilly the Shield-Bearer (level 7, -4/43 HPs)
             Began as a Gargoyle Fighter on Feb 19, 2016.
             Was a Believer of Fedhas.
             Killed from afar by Azzok's ghost (15 damage)
             ... with a bolt of negative energy
             ... on level 5 of the Dungeon.
             The game lasted 00:39:18 (3583 turns).

hellophilly the Shield-Bearer (Gargoyle Fighter)    Turns: 3583, Time: 00:39:18

Health: -4/43      AC: 15    Str: 21    XL:     7   Next: 25%
Magic:  7/7        EV:  3    Int:  8    God:    Fedhas [**....]
Gold:   216        SH:  9    Dex: 10    Spells: 1 memorised, 5 levels left

rFire  . . .     SeeInvis .     Q - +0 mace
rCold  . . .     Gourm    .     E - +0 plate armour
rNeg   + . .     Faith    .     c - +0 shield
rPois  ∞         Spirit   .     (no helmet)
rElec  +         Dismiss  .     (no cloak)
rCorr  .         Reflect  .     (no gloves)
SustAt .         Harm     .     (no boots)
MR     .....                    N - amulet of regeneration
Stlth  ..........               (no ring)
                                (no ring)

@: heavily drained, not resistant to hostile enchantments, extremely unstealthy
A: negative energy resistance 1, electricity resistance, unbreathing,
petrification resistance, rot immunity, AC +4
a: Evolution, Sunlight, Renounce Religion


You were on level 5 of the Dungeon.
You worshipped Fedhas.
Fedhas was pleased with you.
You were not hungry.

You visited 1 branch of the dungeon, and saw 5 of its levels.

You collected 216 gold pieces.

Inventory:

Hand Weapons
 a - a +0 flail
 m - a +0 flail
 o - a +0 dagger
 p - a -2 mace
 q - a +0 spear
 v - a +1 dagger of venom
 F - a +0 hunting sling
 G - a +1 vampiric war axe
 Q - a +0 mace (weapon)
 W - a +0 rapier
Missiles
 e - 131 stones (quivered)
 h - 20 arrows of frost
 i - 68 arrows
 K - 5 javelins
Armour
 b - a +0 scale mail
 c - a +0 shield (worn)
 s - a +0 chain mail
 y - a +0 robe
 E - a +0 plate armour (worn)
 S - the +0 robe "Uhufer" {+Fly Str+5 Slay+5}
   (You found it on level 5 of the Dungeon)

   It affects your strength (+5).
   It affects your accuracy and damage with ranged weapons and melee attacks
   (+5).
   It lets you fly.
Magical Staves
 x - an uncursed staff of wizardry
Jewellery
 D - a -2 ring of intelligence
 N - an amulet of regeneration (around neck)
 P - an uncursed amulet of faith {unknown}
 R - an uncursed amulet of rage {unknown}
Wands
 T - a wand of polymorph (6/24)
Scrolls
 g - 2 scrolls of teleportation {unknown}
 k - 2 scrolls of remove curse
 l - 2 scrolls of recharging
 n - 2 scrolls of magic mapping {unknown}
 r - 3 scrolls of identify {unknown}
 A - a scroll of fog {unknown}
 B - 2 scrolls of fear {unknown}
 I - a scroll of blinking {unknown}
 J - a scroll of enchant armour {unknown}
 U - a scroll of silence {unknown}
Potions
 d - a potion of might
 j - a potion of beneficial mutation {unknown}
 C - 4 potions of degeneration {unknown}
 M - 2 potions of curing
 O - a potion of resistance {unknown}
 V - a potion of flight {unknown}
Books
 w - a Young Poisoner's Handbook

   Spells                             Type                      Level
   a - Sting                          Conjuration/Poison           1
   b - Cure Poison                    Poison                       2
   c - Mephitic Cloud                 Conjuration/Poison/Air       3
   d - Olgreb's Toxic Radiance        Poison                       4
   e - Venom Bolt                     Conjuration/Poison           5
Comestibles
 f - 2 bread rations
 t - 2 slices of pizza
 u - 2 fruits
 L - 2 meat rations


   Skills:
 + Level 4.2(2.1) Fighting
 + Level 0.1(0.0) Short Blades
 + Level 2.6(0.5) Maces & Flails
 + Level 2.0(0.0) Polearms
 + Level 4.6(2.4) Armour
 + Level 1.9(0.0) Dodging
 + Level 0.5(0.0) Stealth
 + Level 5.9(3.7) Shields
 + Level 0.9(0.0) Invocations


You had 5 spell levels left.
You knew the following spells:

 Your Spells              Type           Power        Failure   Level  Hunger
a - Sting                 Conj/Pois      #...         100%        1    ##.....


Dungeon Overview and Level Annotations

Branches:
Dungeon (5/15)
 Temple: D:4-7

Altars:
Ashenzari
Cheibriados
Dithmenos
Fedhas
Gozag
Okawaru
Sif Muna
Yredelemnul
The Shining One

Shops:
D:4 [

Annotations:
D:5 Azzok's ghost, novice DrTm


Innate Abilities, Weirdness & Mutations

You are resistant to torment.
Your stone body is resilient (AC +4).
You are immune to poison.
You resist negative energy.
You are resistant to electric shocks.
You can survive without breathing.
You are immune to petrification.
You are immune to rotting.


Message History

Azzok's ghost is heavily damaged.
Azzok's ghost breathes negative energy at you.
The bolt of negative energy hits you! You partially resist.
You feel drained.
You miss Azzok's ghost.
Azzok's ghost is heavily damaged.
Azzok's ghost breathes negative energy at you.
The bolt of negative energy hits you! You partially resist.
You feel drained.
* * * LOW HITPOINT WARNING * * *
You block Azzok's ghost's attack.
Drink which item? (? for menu, Esc to quit)
You feel better. Azzok's ghost hits you!
* * * LOW HITPOINT WARNING * * *
Read which item? (? for menu, Esc to quit)
As you read the scroll labeled ASOIRI DEDU, it crumbles to dust.
You smell baking bread.
It was a scroll of random uselessness.
You block Azzok's ghost's attack.
Azzok's ghost breathes negative energy at you.
The bolt of negative energy hits you! You partially resist.
You feel drained.
You die...
Fedhas appreciates your contribution to the ecosystem.

.....#.......#
..####.####..#
######.#.....#
...<...#.##.##
.###........#
...<..##.####
..#...##.# #######
..#......# #.....#
#### .....####
#.###@# #.. .##
#.##### #.# #.#
#.# .... #. #f#
#W####.###..# .
#P# #.a.a.......##
#.# ######.#......
##.# #.#....#.
#...#######.(a...#
#............#....
##.#.##<.....# ..


You could see a worker ant and Azzok's ghost.

Vanquished Creatures
  Grinder (D:4)
  A scorpion (D:3)
  An iguana (D:4)
  A worker ant (D:5)
  A worker ant zombie (D:5)
  10 adders
  3 gnolls
  2 adder skeletons (D:4)
  5 worms
  2 giant geckos (D:2)
  A ball python (D:5)
  7 bats
  3 giant cockroaches
  7 goblins
  4 hobgoblins
  3 jackals (D:1)
  12 kobolds
  3 quokkas (D:3)
  7 giant newts
  A jackal zombie (D:5)
  4 rats
79 creatures vanquished.

Vanquished Creatures (collateral kills)
  A crimson imp (D:5)
  An orc wizard (D:5)
  A hound skeleton (D:5)
  An adder (D:2)
  A gnoll (D:3)
  A worm (D:2)
  A giant gecko (D:5)
  2 orcs (D:5)
  A ball python (D:3)
  A goblin (D:2)
  2 jackals (D:2)
  A giant newt (D:3)
14 creatures vanquished.

Vanquished Creatures (others)
  59 toadstools
59 creatures vanquished.

Grand Total: 152 creatures vanquished

Notes
Turn   | Place    | Note
--------------------------------------------------------------
     0 | D:1      | hellophilly the Gargoyle Fighter began the quest for the Orb.
     0 | D:1      | Reached XP level 1. HP: 14/14 MP: 1/1
   125 | D:1      | Reached XP level 2. HP: 19/19 MP: 2/2
   426 | D:1      | Reached XP level 3. HP: 6/23 MP: 3/3
   520 | D:1      | Reached skill level 4 in Shields
   644 | D:1      | You fall through a shaft!
   664 | D:2      | You fall through a shaft!
   679 | D:3      | Found an opulent altar of Gozag.
   686 | D:3      | Found a shattered altar of Ashenzari.
   782 | D:3      | Found a deep blue altar of Sif Muna.
   783 | D:3      | Found a snail-covered altar of Cheibriados.
   784 | D:3      | Found a blossoming altar of Fedhas.
   787 | D:3      | Found a basalt altar of Yredelemnul.
   788 | D:3      | Found a shadowy altar of Dithmenos.
   799 | D:3      | Became a worshipper of Fedhas Madash
   926 | D:3      | Reached skill level 1 in Dodging
   933 | D:3      | Reached XP level 4. HP: 25/28 MP: 4/4
  1431 | D:3      | Reached * piety under Fedhas
  1578 | D:2      | Found an iron altar of Okawaru.
  1872 | D:2      | Reached XP level 5. HP: 26/33 MP: 5/5
  2014 | D:2      | Found a glowing golden altar of the Shining One.
  2461 | D:3      | Reached skill level 5 in Shields
  2639 | D:4      | Reached XP level 6. HP: 38/38 MP: 6/6
  2676 | D:4      | Noticed Grinder
  2710 | D:4      | Paralysed by Grinder for 5 turns
  2727 | D:4      | Killed Grinder
  2727 | D:4      | Reached skill level 1 in Polearms
  2802 | D:4      | Found Eris Heb's Antique Armour Shop.
  2927 | D:4      | Reached ** piety under Fedhas
  3006 | D:4      | Reached XP level 7. HP: 43/43 MP: 7/7
  3248 | D:5      | Entered Level 5 of the Dungeon
  3349 | D:5      | Got an ancient robe
  3360 | D:5      | Identified the +0 robe "Uhufer" {+Fly Str+5 Slay+5} (You found it on level 5 of the Dungeon)
  3411 | D:5      | Learned a level 1 spell: Sting
  3454 | D:5      | Noticed Azzok's ghost (novice DrTm)
  3583 | D:5      | Killed from afar by Azzok's ghost

Vault maps used:
D:1:      tarquinn_simple_flora_water_f, due_unseen_surprise
D:2:      kennysheep_okawaru_gauntlet, first_bread, nicolae_tso_carved_into_rock
D:3:      minitemple, minmay_close_crescents
D:4:      serial_shops, nicolae_shop_competitors_out_of_business, uniq_grinder
D:5:      uniq_menkaure, uniq_eustachio

Action                   |  1- 3 |  4- 6 |  7- 9 || total
-------------------------+-------+-------+-------++-------
Melee: Flail             |   120 |    56 |       ||   176
       Spear             |       |   200 |       ||   200
       Dagger            |       |    48 |       ||    48
       Mace              |       |       |    47 ||    47
Invok: Evolution         |       |     3 |     2 ||     5
  Use: Scroll            |     1 |     2 |     1 ||     4
       Potion            |       |     1 |     3 ||     4
 Stab: Confused          |       |     1 |       ||     1
  Eat: Meat ration       |       |     1 |     1 ||     2
       Pizza             |       |     1 |       ||     1
       Chunk             |       |     1 |       ||     1
